 Dungeon Crawl Stone Soup version 0.23.2-1-ga50397a (webtiles) character file.

Game seed: 3896883920947803356

413 teukkam the Skirmisher (level 6, -3/56 HPs)
             Began as a Minotaur Fighter on May 17, 2019.
             Shot with an arrow by a centaur (7 damage)
             ... on level 5 of the Dungeon on May 18, 2019.
             The game lasted 00:10:07 (1731 turns).

teukkam the Skirmisher (Minotaur Fighter)           Turns: 1731, Time: 00:10:08

Health: -3/56      AC:  9    Str: 28    XL:     6   Next: 59%
Magic:  5/5        EV: 21    Int:  5    God:
Gold:   199        SH: 10    Dex:  9    Spells: 5/5 levels left

rFire    + . .     SeeInvis .   a - +0 war axe
rCold    . . .     Gourm    .   c - +0 shield
rNeg     . . .     Faith    .   t - +0 chain mail (curse)
rPois    .         Spirit   .   (helmet restricted)
rElec    .         Reflect  .   (no cloak)
rCorr    .         Harm     .   (no gloves)
MR       .....                  (no boots)
Stlth    ..........             b - amulet of the acrobat
HPRegen  0.18/turn              m - ring of protection from fire
MPRegen  0.09/turn              (no ring)

@: mighty, acrobat
A: retaliatory headbutt, horns 2
a: no special abilities


You were on level 5 of the Dungeon.
You were hungry.

You visited 1 branch of the dungeon, and saw 5 of its levels.
You also visited: Ossuary.

You collected 199 gold pieces.

Inventory:

Hand Weapons
 a - a +0 war axe (weapon)
Missiles
 i - 10 poisoned needles
Armour
 c - a +0 shield (worn)
 t - a cursed +0 chain mail (worn)
Jewellery
 b - an amulet of the acrobat (around neck)
 k - an uncursed amulet of guardian spirit
 m - a ring of protection from fire (left hand)
Scrolls
 e - 3 scrolls of identify
 g - 2 scrolls of magic mapping
 h - a scroll of immolation
 r - 4 scrolls of remove curse {unknown}
 u - a scroll of enchant weapon {unknown}
 v - 4 scrolls of random uselessness {unknown}
Potions
 j - 3 potions of haste {unknown}
 l - a potion of lignification {unknown}
 n - 2 potions of resistance {unknown}
 o - 2 potions of magic
 w - a potion of heal wounds {unknown}
Comestibles
 f - 7 rations


   Skills:
 + Level 5.5 Fighting
 + Level 4.7 Axes
 + Level 5.4 Armour
 + Level 5.5 Shields


You had 5 spell levels left.
You didn't know any spells.
Your spell library contained the following spells:

 Spells                   Type           Power        Failure   Level  Hunger
 Magic Dart               Conj           #...         100%        1    ##.....
 Blink                    Tloc           N/A          100%        2    ###....
 Call Imp                 Summ           #.......     100%        2    ###....
 Slow                     Hex            #.......     100%        2    ###....
 Conjure Flame            Conj/Fire      #.......     100%        3    ####...
 Mephitic Cloud           Conj/Pois/Air  #.......     100%        3    ####...


Dungeon Overview and Level Annotations

Branches:
Dungeon (5/15)             Temple (0/1) D:5

Altars:
Dithmenos
Elyvilon
Hepliaklqana
Qazlal
Trog


Innate Abilities, Weirdness & Mutations

You reflexively headbutt those who attack you in melee.
You have a pair of horns on your head.


Message History

You see here 3 arrows.
Unknown command.
You feel very mighty all of a sudden.
The centaur shoots an arrow.
The arrow hits you! The ogre hits you with a +0 giant club.
You barely miss the ogre. You headbutt the ogre!
The ogre is heavily wounded.
The centaur shoots an arrow.
The arrow hits you. The ogre barely misses you.
The centaur shoots an arrow.
The arrow hits you!
* * * LOW HITPOINT WARNING * * *
You slash the ogre! You headbutt the ogre.
You kill the ogre!
The centaur shoots an arrow.
The arrow hits you.
* * * LOW HITPOINT WARNING * * *
The centaur shoots an arrow.
The arrow hits you but does no damage.
The centaur shoots an arrow.
You block the arrow.
You see here an arrow.
The centaur shoots an arrow.
You block the arrow.
The centaur shoots an arrow.
The arrow hits you!
You die...

*,*****,* #.* *.# #.* *.# #.# *.#
**** #.#####.# *,,, #...8...#
*,,, #..)....# *,,,
#.8.(.8+######*********
#....(@.c.....,,,,,,,,,
#...8....###..,,,******
###########.####...#**,,,,,*,,,,,
.......O.......+...+,,,,,,,,,,,,,
###########.####...#*,,,,,,,,,***
,,,,,,,,,,....,....#*,,,,,,*,,*
**********#.###....#*,,,,,,*,,*
,,,* #..,*.####*,**+***,,*** ,,,*
*****#..,*,* *,**,*,,,,,,,


You could see a centaur.

Vanquished Creatures
  An ogre (D:5)
  2 elf zombies (Ossuary)
  A human zombie (Ossuary)
  4 mummies (Ossuary)
  6 adders
  An adder zombie (Ossuary)
  A leopard gecko (D:4)
  2 orcs (D:3)
  A giant cockroach (D:1)
  2 goblins (D:2)
  9 hobgoblins
  6 jackals
  4 kobolds
  5 bats
  A frilled lizard (D:2)
  A goblin zombie (Ossuary)
  3 hobgoblin zombies (Ossuary)
  A kobold zombie (Ossuary)
  An orc zombie (Ossuary)
  6 rats
  2 rat zombies (Ossuary)
60 creatures vanquished.

Notes
Turn   | Place    | Note
-------+----------+-------------------------------------------
     0 | D:1      | teukkam the Minotaur Fighter began the quest for the Orb.
     0 | D:1      | Reached XP level 1. HP: 19/19 MP: 0/0
   101 | D:2      | Reached XP level 2. HP: 26/27 MP: 1/1
   139 | D:2      | Reached XP level 3. HP: 25/33 MP: 2/2
   258 | D:2      | Found a white marble altar of Elyvilon.
   482 | D:2      | Found a bloodstained altar of Trog.
   508 | D:2      | Found a shadowy altar of Dithmenos.
   512 | D:2      | Found a hazy altar of Hepliaklqana.
   517 | D:2      | Found a stormy altar of Qazlal.
   712 | D:3      | Reached XP level 4. HP: 41/41 MP: 3/3
  1173 | D:5      | Entered Level 5 of the Dungeon
  1190 | D:5      | Noticed an ogre
  1246 | D:5      | Found a sand-covered staircase.
  1250 | D:5      | Noticed a centaur
  1253 | Ossuary  | Entered an ossuary
  1275 | Ossuary  | Reached XP level 5. HP: 14/47 MP: 4/4
  1283 | Ossuary  | Reached skill level 5 in Fighting
  1283 | Ossuary  | Reached skill level 5 in Armour
  1283 | Ossuary  | Reached skill level 5 in Shields
  1283 | Ossuary  | Reached XP level 6. HP: 18/56 MP: 5/5
  1731 | D:5      | Shot with an arrow by a centaur

Skill      XL: |  1  2  3  4  5 |
---------------+----------------+-----
Fighting       | 4 5 |  5.5
Armour         | 4 5 |  5.4
Shields        | 4 5 |  5.5
Axes           | 3 4 |  4.7

Action                   |  1- 3 |  4- 6 || total
-------------------------+-------+-------++-------
Melee: War axe           |    79 |    74 ||   153
       Headbutt          |    13 |    17 ||    30
  Use: Scroll            |       |     8 ||     8
       Potion            |       |     3 ||     3
  Eat: Chunk             |       |     2 ||     2
Armor: Scale mail        |    47 |       ||    47
       Chain mail        |     4 |    51 ||    55
Dodge: Dodged            |    27 |    26 ||    53
Block: Shield            |    38 |    50 ||    88
